 Dungeon Crawl Stone Soup version 0.28-a0-595-g9f6c0e134a (webtiles) character file.

Game seed: 16906384699100214073

1754 bande the Chopper (level 9, -8/55 HPs)
             Began as a Gargoyle Fighter on Oct 4, 2021.
             Mangled by Maggie (13 damage)
             ... on level 6 of the Dungeon.
             The game lasted 00:08:18 (5151 turns).

bande the Chopper (Gargoyle Fighter)                Turns: 5151, Time: 00:08:19

Health: -8/55      AC: 14    Str: 20    XL:     9   Next: 6%
Magic:  9/9        EV:  9    Int: 10    God:
Gold:   296        SH:  5    Dex: 11    Spells: 8/8 levels left

rFire   . . .      SeeInvis .   i - +1 war axe (vorpal)
rCold   . . .      Faith    .   c - +0 buckler
rNeg    + . .      Spirit   .   b - +0 scale mail
rPois   ∞          Reflect  .   (no helmet)
rElec   +          Harm     .   (no cloak)
rCorr   .          Rampage  .   (no gloves)
Will    .....                   (no boots)
Stlth   ..........              n - amulet of regeneration
HPRegen 1.18/turn               (no ring)
MPRegen 0.11/turn               (no ring)

@: mesmerised
A: sickness immunity, AC +6, negative energy resistance 1, electricity
resistance, torment resistance 1, petrification resistance
a: no special abilities


You were on level 6 of the Dungeon.
You visited 1 branch of the dungeon, and saw 6 of its levels.

You collected 296 gold pieces.

Inventory:

Hand Weapons
 a - a +1 war axe
 g - a +0 flail
 i - a +1 vorpal war axe (weapon)
Armour
 b - a +0 scale mail (worn)
 c - a +0 buckler (worn)
 k - a +1 kite shield
Jewellery
 n - an amulet of regeneration (around neck)
Wands
 h - a wand of flame (22)
 q - a wand of acid (5)
 u - a wand of iceblast (6)
Scrolls
 j - 2 scrolls of teleportation
 r - a scroll of magic mapping
 s - a scroll of holy word
Potions
 d - a potion of might
 e - a potion of brilliance
 f - a potion of resistance
 l - a potion of flight {unknown}
 m - a potion of mutation {unknown}
 o - a potion of heal wounds
 p - 4 potions of curing {unknown}
 t - a potion of lignification {unknown}


   Skills:
 + Level 5.6 Fighting
 + Level 6.9 Axes
 + Level 6.3 Armour
 + Level 4.9 Shields
 * Level 3.9 Evocations


You had 8 spell levels left.
You didn't know any spells.
Your spell library contained the following spells:

 Spells                   Type           Power      Damage    Failure   Level
 Beastly Appendage        Tmut           0%         N/A       69%         1
 Sting                    Tmut/Pois      0%         1d3       69%         1
 Poisonous Vapours        Pois/Air       0%         N/A       83%         2
 Wereblood                Tmut           0%         N/A       83%         2
 Spider Form              Tmut/Pois      0%         N/A       96%         3
 Olgreb's Toxic Radiance  Pois           0%         N/A       100%        4


Dungeon Overview and Level Annotations

Branches:
Dungeon (6/15)
 Temple: D:4-7

Altars:
Vehumet

Annotations:
D:6 Maggie


Innate Abilities, Weirdness & Mutations

You are immune to sickness and miasma.
Your stone body is resilient. (AC +6)
You are immune to poison.
You resist negative energy. (rN+)
You are resistant to electric shocks. (rElec)
You are resistant to unholy torment.
You are immune to petrification.


Message History

You add the spells Sting, Poisonous Vapours and Olgreb's Toxic Radiance to your library.
You now have 296 gold pieces (gained 5).
u - a wand of iceblast (6) Maggie the Vainglorious comes into view.
She is wielding a +5 vampiric war axe.
Maggie shouts!
Maggie mumbles some strange words.
Maggie attempts to bespell you!
You are mesmerised by Maggie!
You hit Maggie but do no damage.
Maggie hits you with a +5 vampiric war axe!
You closely miss Maggie. You block Maggie's attack.
You closely miss Maggie. Maggie hits you but does no damage.
You slash Maggie!
Maggie is lightly wounded.
Maggie hits you with a +5 vampiric war axe.
You closely miss Maggie.
Maggie is lightly wounded.
Maggie casts a spell at you. The bolt of fire hits you!!
You are too injured to fight recklessly!
You are too injured to fight recklessly!
You are too injured to fight recklessly!
You are too injured to fight recklessly!
You are too injured to fight recklessly!
You are too injured to fight recklessly!
You are too injured to fight recklessly!
You are too injured to fight recklessly!
You slash Maggie!
Maggie is moderately wounded.
You block Maggie's attack.
You hit Maggie but do no damage.
Maggie is moderately wounded.
Maggie points at you and mumbles some strange words.
The bolt of fire hits you!!
* * * LOW HITPOINT WARNING * * *
Maggie closely misses you.
You slash Maggie!
Maggie is heavily wounded.
Maggie hits you with a +5 vampiric war axe!
You die...

#........#...################....
#..........### #.?.. #........###
#.... #........# #####.##
#........# #.....# #..†.....#
#######.##### #.#.#....#
#####.......# .....###.#
#.....####### #.......... #@#####
...#######.......@.# ##.#
###..##.#.... ##.# ## #.####...
##.# ..# #. .... ### ##.. ...


You could see Maggie (mesmerising).

Vanquished Creatures
  3 yaks (D:4)
  Menkaure (D:4)
  Duvessa (D:4)
  A black bear (D:6)
  An ogre (D:5)
  A necrophage (D:4)
  Blork the orc (D:4)
  3 scorpions (D:4)
  A water moccasin zombie (D:5)
  Dowan (D:4)
  3 hounds
  A centaur skeleton (D:6)
  2 iguanas
  An orc wizard (D:3)
  Natasha (thrice) (D:2)
  2 hound skeletons (D:5)
  6 adders
  2 howler monkey skeletons
  A shadow imp (D:5)
  A white imp (D:6)
  An ufetubus (D:3)
  A worm (D:2)
  4 dart slugs
  10 orcs
  11 bats
  4 endoplasms
  6 giant cockroaches
  8 goblins
  9 hobgoblins
  3 jackals (D:2)
  8 kobolds
  4 quokkas
  2 ball pythons (D:2)
  3 frilled lizards
  2 rats (D:3)
112 creatures vanquished.

Notes
Turn   | Place    | Note
-------+----------+-------------------------------------------
     0 | D:1      | bande the Gargoyle Fighter began the quest for the Orb.
     0 | D:1      | Reached XP level 1. HP: 14/14 MP: 1/1
   112 | D:1      | Reached XP level 2. HP: 19/19 MP: 2/2
   386 | D:1      | Found a faded altar of an unknown god.
   507 | D:1      | Reached XP level 3. HP: 23/23 MP: 3/3
  1313 | D:2      | Reached XP level 4. HP: 20/29 MP: 4/4
  1695 | D:2      | Noticed Natasha
  1706 | D:2      | Killed Natasha
  1741 | D:2      | Noticed Natasha
  1748 | D:2      | Killed Natasha
  1749 | D:2      | Reached XP level 5. HP: 28/33 MP: 5/5
  2025 | D:2      | Noticed Natasha
  2031 | D:2      | Killed Natasha
  2567 | D:3      | Reached XP level 6. HP: 38/38 MP: 6/6
  2778 | D:3      | Reached skill level 1 in Evocations
  3324 | D:4      | Noticed Menkaure
  3329 | D:4      | Killed Menkaure
  3330 | D:4      | Reached XP level 7. HP: 29/44 MP: 7/7
  3419 | D:4      | Noticed Duvessa
  3419 | D:4      | Noticed Dowan
  3427 | D:4      | Killed Dowan
  3433 | D:4      | Killed Duvessa
  3434 | D:4      | Reached skill level 5 in Axes
  3434 | D:4      | Reached skill level 5 in Armour
  3874 | D:4      | Noticed Blork the orc
  3885 | D:4      | Killed Blork the orc
  4198 | D:4      | Reached XP level 8. HP: 48/48 MP: 8/8
  4341 | D:5      | Entered Level 5 of the Dungeon
  4344 | D:5      | Noticed a yak
  4345 | D:5      | Noticed a yak
  4349 | D:5      | Noticed a yak
  4360 | D:4      | Reached skill level 5 in Fighting
  4385 | D:4      | Killed a yak
  4387 | D:4      | Killed a yak
  4428 | D:4      | Killed a yak
  4458 | D:5      | Found a radiant altar of Vehumet.
  5024 | D:6      | Reached XP level 9. HP: 41/54 MP: 9/9
  5142 | D:6      | Noticed Maggie
  5151 | D:6      | Mangled by Maggie

Illustrated notes

Levels and vault maps discovered:
D:1:      ebering_trefoil_twist, layout_loops_ring, ebering_ecumenical_altar_box
D:2:      layout_rooms, uniq_natasha
D:3:      layout_loops_corners
D:4:      layout_loops_corners, wad_orctagon, uniq_duvessa, uniq_blork_the_orc,
          uniq_menkaure
D:5:      layout_rooms, mainiacjoe_overflow_chevrons, kennysheep_small_square
D:6:      layout_rooms, minmay_unpleasant_kobolds, uniq_maggie

Skill      XL: |  1  2  3  4  5  6  7  8 |
---------------+-------------------------+-----
Axes           | 2 3 4 5 6 |  6.9
Armour         | 4 5 6 |  6.3
Shields        | 4 |  4.9
Fighting       | 4 5 |  5.6
Evocations     | 1 2 3 |  3.9

Action                   |  1- 3 |  4- 6 |  7- 9 || total
-------------------------+-------+-------+-------++-------
Melee: War axe           |   109 |   170 |   147 ||   426
  Use: Scroll            |     2 |     5 |     4 ||    11
       Potion            |       |       |     1 ||     1
Armor: Scale mail        |    68 |   118 |   100 ||   286
Dodge: Dodged            |    76 |    92 |    72 ||   240
Block: Buckler           |    31 |    36 |    43 ||   110

Table legend: (Time is in decaauts)
 A = Elapsed time spent in this place.
 B = Non-inter-level travel time spent in this place.
 C = Inter-level travel time spent in this place.
 D = Time resting spent in this place.
 E = Time spent auto-exploring this place.
 F = Levels seen in this place.
 G = Mean time per level.
                   A        B        C        D        E       F      G
               +--------+--------+--------+--------+--------+-----+--------+
         Total |   5294 |   5255 |     39 |    566 |   3457 |   6 |  882.3 |
       Dungeon |   5294 |   5255 |     39 |    566 |   3457 |   6 |  882.3 |
               +--------+--------+--------+--------+--------+-----+--------+

Top non-repeatable levels by time:
     D:4: 1292 daAuts
     D:2: 1284 daAuts
     D:3: 1027 daAuts
     D:1: 953 daAuts
     D:5: 578 daAuts
     D:6: 157 daAuts
